 Dungeon Crawl Stone Soup version 0.27-a0-543-gd81048afd2 (webtiles) character file.

Game seed: 12695344802000284468

9 Leibowitz the Ruffian (level 2, 29/29 HPs)
             Began as a Troll Berserker on Mar 7, 2021.
             Was a Follower of Trog.
             Got out of the dungeon alive.
             The game lasted 00:00:29 (50 turns).

Leibowitz the Ruffian (Troll Berserker)               Turns: 50, Time: 00:00:30

Health: 29/29      AC:  4    Str: 24    XL:     2   Next: 3%
Magic:  1/1        EV: 10    Int:  3    God:    Trog [*.....]
Gold:   0          SH:  0    Dex: 15    Spells: 1/1 levels left

rFire    . . .     SeeInvis .     - Unarmed
rCold    . . .     Faith    .   (no shield)
rNeg     . . .     Spirit   .   a - +0 animal skin
rPois    .         Reflect  .   (helmet restricted)
rElec    .         Harm     .   (no cloak)
rCorr    .         Rampage  .   (gloves unavailable)
Will     .....                  (boots unavailable)
Stlth    +.........             (no amulet)
HPRegen  1.09/turn              d - +6 ring of dexterity
MPRegen  0.07/turn              (no ring)

@: no status effects
A: large, unfitting armour, claws 3, regeneration 1, shaggy fur 1, tough skin 1
a: Renounce Religion, Berserk


You escaped.
You worshipped Trog.
Trog was aware of your devotion.
You visited 1 branch of the dungeon, and saw 1 of its levels.

Inventory:

Armour
 a - a +0 animal skin (worn)
Jewellery
 d - a +6 ring of dexterity (left claw)
Scrolls
 c - a scroll of identify {unknown}
Potions
 b - a potion of curing {unknown}


   Skills:
 + Level 2.5 Fighting
 + Level 2.6 Dodging
 + Level 3.2 Unarmed Combat


You had one spell level left.
You didn't know any spells.
Your spell library was empty.

Dungeon Overview and Level Annotations

Branches:
Dungeon (1/15)

Altars:


Innate Abilities, Weirdness & Mutations

You are too large for most types of armour.
You have claws for hands.
Your natural rate of healing is unusually fast.
You are covered in fur. (AC +1)
You have tough skin. (AC +1)


Message History

You claw the jackal!
You kill the jackal!
Trog accepts your kill.
You completely miss the goblin. The goblin barely misses you.
You scratch the goblin but do no damage.
A bat comes into view.
The goblin hits you but does no damage.
The bat moves out of view.
You scratch the goblin.
You kill the goblin!
Trog accepts your kill.
A goblin comes into view. It is wielding a +0 dagger.
You see here a +0 dagger.
A jackal comes into view.
The bat barely misses you.
The goblin shouts!
The goblin hits you with a +0 dagger.
The jackal barks!
You claw the goblin!
You kill the goblin!
Trog accepts your kill. The bat hits you but does no damage.
You closely miss the bat. The bat barely misses you.
The bat closely misses you.
You claw the bat!
You kill the bat!
Trog accepts your kill.
Things that are here:
a +0 dagger; a bat corpse You closely miss the jackal.
The jackal bites you but does no damage.
You barely miss the jackal. You claw the jackal.
You kill the jackal!
Trog accepts your kill.
You have reached level 2!
You see here a +0 dagger.
You see here a jackal corpse.
There is an open door here.
There is a staircase leading out of the dungeon here.
Are you sure you want to leave the Dungeon?
This will make you lose the game!
You have escaped!

.....#)†.# +...+
.....##†)#
####...### .....
#..###........#
.....
#...##.##...#.####
.....
#...'............#
.....
#.>.##....(....#
#####
#...##.........#
#...##...8.8...#
#########.@.####
#####


There were no monsters in sight!

Vanquished Creatures
  2 goblins (D:1)
  3 jackals (D:1)
  A bat (D:1)
  A kobold (D:1)
  A rat (D:1)
8 creatures vanquished.

Notes
Turn   | Place    | Note
-------+----------+-------------------------------------------
     0 | D:1      | Leibowitz the Troll Berserker began the quest for the Orb.
     0 | D:1      | Reached XP level 1. HP: 22/22 MP: 0/0
    38 | D:1      | Reached XP level 2. HP: 29/29 MP: 1/1
    50 | D:$      | Got out of the dungeon alive.

Illustrated notes

Levels and vault maps discovered:
D:1:      mrwooster_arrival_statue, layout_basic

Action                   || total
-------------------------++-------
Melee: Unarmed           ||    18
       Punch             ||     1
Armor: Animal skin       ||     6
Dodge: Dodged            ||     8

Table legend: (Time is in decaauts)
 A = Elapsed time spent in this place.
 B = Non-inter-level travel time spent in this place.
 C = Inter-level travel time spent in this place.
 D = Time resting spent in this place.
 E = Time spent auto-exploring this place.
 F = Levels seen in this place.
 G = Mean time per level.
                   A        B        C        D        E       F      G
               +--------+--------+--------+--------+--------+-----+--------+
         Total |     48 |     37 |     11 |      0 |      8 |   1 |   48.0 |
       Dungeon |     48 |     37 |     11 |      0 |      8 |   1 |   48.0 |
               +--------+--------+--------+--------+--------+-----+--------+

Top non-repeatable levels by time:
     D:1: 48 daAuts
